Map: Heavy Artillery LE

Players

HaryPL - Winner!

  • Race: Terran Terran
  • League: Platinum
  • Spawn Location: 3:00

Alwar - Winner!

  • Race: Protoss Protoss
  • League: Diamond
  • Spawn Location: 1:00

qqq

  • Race: Protoss Protoss
  • League: Platinum
  • Spawn Location: 7:00

Massa

  • Race: Terran Terran
  • League: Platinum
  • Spawn Location: 7:00

VOD

Have the link to the VOD?

Description

Time

  • Played on: Sept. 30, 2020, 12:48 p.m.
  • Length: 25:41
Show
View Real Time Build Order
Export as new Build Order

HaryPL Terran - Winner!

Build Orders:  

Get SALT Encoding   

  12  0:00  SCV  
  13  0:12  SCV  
  14  0:24  SCV, Supply Depot  
  15  0:45  SCV  
  15  0:48  Barracks  
  16  0:57  SCV  
  17  1:24  SCV  
  18  1:31  Supply Depot  
  18  1:36  SCV  
  18  1:39  Marine  
  20  1:46  Refinery  
  20  1:48  SCV  
  20  1:53  Supply Depot  
  21  1:57  Marine  
  21  1:58  Refinery  
  21  2:00  SCV  
  23  2:14  Marine  
  24  2:32  Marine  
  24  2:49  SCV  
  24  2:50  Marine  
  26  3:00  Barracks  
  26  3:01  SCV  
  27  3:08  Marine  
  27  3:26  Marine  
  28  3:32  SCV  
  28  3:44  SCV, Marine  
  30  3:59  Factory  
  30  4:01  Marine  
  31  4:10  Barracks Reactor  
  31  4:16  Command Center  
  31  4:19  Orbital Command, Marine  
  32  4:37  Supply Depot  
  32  4:47  Marine x2  
  32  4:52  Factory Tech Lab  
  34  4:57  Barracks Tech Lab  
  34  5:03  Engineering Bay  
  34  5:05  Marine x2  
  36  5:12  Siege Tank  
  39  5:18  Marauder  
  41  5:23  Marine x2  
  43  5:34  Missile Turret  
  43  5:36  Terran Infantry Weapons Level 1  
  43  5:39  Marauder  
  43  5:41  Marine x2  
  48  5:42  SCV  
  48  5:45  SCV  
  49  5:54  SCV  
  49  5:56  Missile Turret  
  51  5:57  SCV  
  51  5:59  Marine  
  51  6:03  Siege Tank  
  55  6:07  SCV  
  55  6:09  SCV  
  55  6:11  Marauder, Marine  
  60  6:23  Missile Turret  
  60  6:24  SCV  
  61  6:26  SCV  
  62  6:33  Starport  
  62  6:36  Stimpack  
  62  6:45  Supply Depot  
  62  6:48  Missile Turret  
  62  7:06  SCV x2, Siege Tank  
  67  7:11  Supply Depot  
  67  7:12  Starport Reactor  
  67  7:18  SCV x2  
  69  7:24  Marine  
  70  7:32  SCV x2, Marauder, Marine  
  70  7:34  Terran Infantry Armor Level 1, Supply Depot  
  75  7:42  Marine  
  76  7:44  SCV x2  
  78  7:55  Marine x2, Siege Tank  
  78  7:56  Refinery  
  83  7:58  Refinery  
  83  7:59  Marine, Medivac  
  83  8:04  Supply Depot  
  86  8:26  SCV x2, Marine x3, Medivac, Supply Depot  
  93  8:33  Command Center  
  93  8:34  Armory  
  93  8:38  SCV  
  93  8:41  Combat Shield  
  94  8:48  Marine x3  
  97  8:49  Supply Depot  
  97  9:00  Medivac x2  
  101  9:05  Marine  
  102  9:11  Cyclone, Marine  
  103  9:30  Viking x2  
  107  9:41  Supply Depot  
  107  9:43  Cyclone  
  110  9:48  SCV  
  111  9:56  Terran Vehicle Weapons Level 1  
  111  10:00  SCV  
  111  10:01  Viking x2  
  116  10:07  Refinery  
  116  10:10  SCV  
  116  10:12  SCV  
  118  10:17  SCV  
  119  10:22  SCV  
  119  10:26  Starport  
  120  10:28  Supply Depot  
  120  10:29  SCV, Thor  
  120  10:30  Viking  
  120  10:35  SCV  
  130  10:41  SCV  
  131  10:47  SCV  
  132  10:50  Viking  
  132  10:53  SCV  
  132  10:54  Missile Turret  
  135  10:58  SCV  
  135  10:59  SCV  
  135  11:00  Viking  
  135  11:03  Starport Reactor  
  139  11:05  SCV  
  139  11:08  Starport  
  139  11:10  SCV  
  141  11:15  Missile Turret  
  141  11:18  Refinery  
  141  11:38  Missile Turret  
  141  12:01  Command Center  
  141  12:07  Supply Depot  
  141  12:08  Starport Reactor, Terran Infantry Weapons Level 2  
  141  12:10  Terran Vehicle And Ship Armor Level 1  
  141  12:28  Viking x4  
  149  12:30  Supply Depot  
  149  12:35  Planetary Fortress  
  149  12:51  Viking, Thor  
  149  12:52  Supply Depot  
  157  13:11  Armory  
  157  13:13  Viking x5  
  157  13:15  Supply Depot  
  167  13:21  Viking  
  167  13:23  Planetary Fortress  
  168  13:43  Viking  
  170  13:48  Missile Turret  
  170  13:58  Viking  
  172  14:03  Missile Turret  
  172  14:16  Terran Ship Weapons Level 1  
  172  14:23  Terran Infantry Armor Level 2, Missile Turret  
  172  14:38  Supply Depot  
  172  14:40  Supply Depot  
  172  14:42  Terran Vehicle And Ship Armor Level 2  
  172  14:46  Missile Turret  
  172  14:49  Refinery  
  172  14:54  Refinery  
  172  14:59  SCV, Viking x3  
  179  15:01  Viking x3, Supply Depot  
  179  15:06  Sensor Tower  
  185  15:08  Supply Depot  
  185  15:11  SCV  
  186  15:23  Supply Depot  
  186  15:24  SCV  
  187  15:29  Viking x3  
  187  15:31  Viking x3, Supply Depot  
  199  15:36  SCV  
  200  16:26  Command Center  
  93  17:41  Viking x6  
  105  18:06  Command Center  
  105  18:10  Command Center  
  105  18:11  Viking x6  
  113  18:41  Viking  
  113  18:50  Viking  
  113  18:51  Viking x4  
  113  19:11  Viking  
  93  19:20  Viking  
  93  19:21  Viking  
  77  19:40  Marine  
  77  19:41  Marine x2  
  62  19:51  Viking x2  
  62  19:52  Viking x4  
  64  19:58  Marine x2  
  64  19:59  Marine  
  65  20:00  Planetary Fortress  
  63  20:15  Planetary Fortress  
  63  20:16  Marine x3  
  63  20:19  Command Center  
  66  20:21  Viking x3  
  66  20:22  Viking x3  
  78  20:34  Marine x2  
  80  20:42  Marine  
  78  20:51  Viking x3  
  78  20:52  Marine x2, Viking x3  
  78  20:55  SCV  
  93  21:00  Marine  
  94  21:08  SCV  
  95  21:18  Terran Ship Weapons Level 2  
  95  21:20  SCV  
  95  21:21  Viking x3  
  95  21:22  Viking x2  
  106  21:32  SCV  
  107  21:34  Viking  
  109  21:44  SCV  
  110  21:51  Viking x2  
  106  22:14  Viking x3  
  63  23:14  Marine x2  
  63  23:15  Marine  
  60  23:32  Marine x3  
  63  23:37  Viking x2  
  67  23:49  Viking  
  67  23:50  Marine x3  
  67  23:55  SCV  
  73  23:59  Refinery  
  73  24:01  Refinery  
  73  24:07  SCV  
  73  24:08  Marine  
  75  24:17  SCV  
  76  24:19  SCV  
  77  24:29  SCV  
  78  24:31  SCV  
  78  24:34  Command Center  
  79  24:41  SCV  
  79  24:44  SCV  
  63  24:53  SCV  
  59  25:08  Marine x3  
Show
View Real Time Build Order
Export as new Build Order

Alwar Protoss - Winner!

Build Orders:  

Get SALT Encoding   

  12  0:00  Probe  
  13  0:12  Probe  
  14  0:21  Pylon  
  14  0:24  Probe  
  15  0:39  Probe  
  15  0:41  Gateway  
  16  0:51  Probe  
  17  1:03  Probe  
  18  1:06  Assimilator  
  18  1:08  Assimilator  
  18  1:50  Gateway  
  18  1:52  Cybernetics Core  
  18  1:54  Probe (Chrono Boost)  
  18  2:00  Pylon  
  19  2:04  Probe (Chrono Boost)  
  20  2:09  Probe (Chrono Boost)  
  21  2:31  Warp Gate (Chrono Boost)  
  21  2:43  Stalker (Chrono Boost)  
  23  2:46  Stalker (Chrono Boost)  
  25  2:51  Shield Battery  
  25  3:01  Nexus  
  25  3:03  Probe  
  26  3:15  Probe  
  27  3:27  Probe  
  27  3:33  Stalker  
  30  4:04  Probe  
  31  4:11  Twilight Council  
  31  4:13  Robotics Facility, Stalker  
  31  4:15  Gateway  
  31  4:16  Gateway  
  34  4:20  Probe x2 (Chrono Boost), Pylon  
  35  4:30  Probe (Chrono Boost)  
  37  4:32  Probe (Chrono Boost)  
  37  4:35  Probe (Chrono Boost)  
  38  4:40  Probe  
  38  4:45  Blink (Chrono Boost)  
  39  4:46  Probe  
  39  4:51  Stalker  
  42  4:53  Probe  
  43  5:02  Assimilator  
  43  5:07  Assimilator  
  43  5:10  Pylon  
  43  5:12  Pylon  
  43  5:13  Probe x2  
  45  5:24  Observer (Chrono Boost)  
  45  5:25  Probe x2  
  48  5:37  Probe x2  
  48  5:42  Immortal (Chrono Boost), Robotics Facility  
  54  5:44  Robotics Bay  
  54  5:53  Nexus  
  54  5:55  Probe  
  54  5:56  Probe  
  56  6:07  Forge  
  56  6:11  Pylon  
  56  6:15  Pylon  
  56  6:16  Probe (Chrono Boost)  
  58  6:20  Probe (Chrono Boost)  
  58  6:28  Probe (Chrono Boost)  
  58  6:32  Probe (Chrono Boost)  
  64  6:33  Probe (Chrono Boost), Extended Thermal Lance (Chrono Boost)  
  64  6:35  Observer  
  64  6:38  Colossus  
  68  6:43  Charge  
  68  6:48  Probe x2, Protoss Ground Weapons Level 1 (Chrono Boost)  
  70  7:00  Probe x2, Photon Cannon  
  72  7:05  Photon Cannon  
  72  7:12  Sentry  
  72  7:13  Sentry  
  76  7:28  Photon Cannon  
  76  7:32  Photon Cannon, Colossus  
  76  7:35  Photon Cannon  
  81  7:53  Probe x3  
  81  7:58  Assimilator  
  84  8:02  Assimilator  
  84  8:05  Probe x3  
  87  8:06  Gravitic Boosters  
  87  8:07  Templar Archives  
  87  8:09  Gateway  
  87  8:14  Gateway  
  87  8:17  Probe x3  
  87  8:18  Forge  
  90  8:21  Pylon  
  90  8:22  Pylon  
  90  8:25  Pylon  
  90  8:28  Pylon  
  90  8:29  Observer  
  90  8:30  Observer  
  92  8:47  Stalker x2  
  92  8:48  Stalker x2  
  100  9:05  Photon Cannon  
  100  9:08  Photon Cannon  
  100  9:14  Photon Cannon  
  100  9:19  Photon Cannon  
  100  9:24  Probe x3  
  102  9:26  Stalker x4  
  102  9:27  Stalker x2  
  115  9:36  Probe x3  
  118  9:53  Nexus  
  118  9:55  Assimilator  
  118  9:59  Assimilator  
  118  10:02  Protoss Ground Weapons Level 2 (Chrono Boost)  
  118  10:03  Stalker x5  
  118  10:04  Protoss Shields Level 1 (Chrono Boost), Stalker  
  130  10:18  Pylon  
  130  10:20  Pylon  
  130  10:23  Pylon  
  130  10:26  Pylon  
  130  10:36  Probe x3, Immortal  
  136  10:48  Probe  
  137  10:51  Photon Cannon  
  137  10:55  Photon Cannon  
  137  11:00  High Templar x6  
  149  11:07  Photon Cannon  
  149  11:09  Gateway  
  149  11:12  Gateway  
  149  11:14  Gateway  
  149  11:15  Observer  
  149  11:17  Pylon  
  149  11:21  Observer  
  149  12:18  Zealot x4  
  149  12:20  Stalker x5  
  149  12:22  Protoss Ground Armor Level 1 (Chrono Boost)  
  167  13:02  Stalker x2  
  167  13:03  Stalker x4  
  179  13:18  Stalker x3  
  184  13:27  Archon x2  
  176  13:51  Psionic Storm  
  176  14:00  Photon Cannon  
  176  14:05  Photon Cannon, Pylon  
  176  14:07  Protoss Shields Level 2 (Chrono Boost)  
  176  14:09  Pylon  
  176  14:23  Probe, Protoss Ground Weapons Level 3 (Chrono Boost)  
  177  14:32  Observer x2  
  177  14:34  Stalker x4  
  187  14:46  Pylon  
  187  14:48  Pylon  
  187  14:50  Pylon  
  187  14:51  Photon Cannon  
  187  15:14  Stalker x2  
  189  15:15  High Templar x2  
  189  15:16  High Templar  
  189  15:17  Stalker  
  185  15:47  Stalker  
  185  15:48  Stalker x6  
  199  15:52  Pylon  
  199  16:10  Nexus  
  198  16:13  Assimilator  
  198  16:17  Assimilator  
  198  16:21  Pylon  
  198  16:23  Pylon  
  198  16:26  Pylon  
  198  16:28  Pylon  
  196  16:41  Photon Cannon  
  196  16:42  Photon Cannon  
  196  16:45  Photon Cannon  
  180  17:13  Zealot x7  
  180  17:14  Zealot x2  
  156  17:37  High Templar x3  
  156  17:38  High Templar  
  156  17:39  Stalker x5  
  174  17:56  Observer x2  
  176  17:59  Gateway  
  176  18:18  Observer x2  
  176  18:19  Gateway  
  178  18:21  Gateway  
  178  18:22  Gateway  
  178  18:23  Gateway  
  178  18:24  Gateway x2  
  178  18:25  Gateway  
  164  19:02  Zealot x4  
  170  19:03  Zealot x6  
  152  19:24  Zealot x7  
  155  19:25  Zealot x4  
  148  19:37  Zealot  
  148  19:38  Zealot x5  
  138  19:54  Stalker x3  
  138  19:55  Stalker x7  
  138  19:56  Stalker  
  146  20:38  Stalker x3  
  146  20:39  Stalker x7  
  146  20:40  Stalker x6  
  178  20:54  Colossus  
  178  20:55  Colossus  
  108  21:44  High Templar x2  
  108  21:45  High Templar x3  
  108  21:46  Protoss Ground Armor Level 2  
  108  21:47  Stalker x5  
  94  21:48  Protoss Shields Level 3  
  94  21:49  Colossus x2 (Chrono Boost), Zealot x5  
  94  21:50  Zealot  
  120  22:19  Stalker x2  
  120  22:20  Stalker x7  
  120  22:21  Stalker x7  
  120  22:22  Stalker  
  154  22:24  Nexus  
  88  23:24  Archon  
  86  23:29  Stalker x5  
  86  23:30  Stalker x7  
  86  23:31  Stalker x5  
  118  23:53  Stalker  
  118  23:54  Stalker x4  
  118  23:55  Stalker x4  
  132  23:56  Stalker x3  
  132  23:57  Stalker x3  
  132  23:58  Stalker x2  
  152  24:20  Assimilator  
  152  24:23  Stalker x5  
  152  24:24  Assimilator, Stalker x5  
  166  24:25  Stalker x2  
  166  24:26  Pylon  
  166  24:29  Pylon  
  176  24:32  Observer x2, Pylon  
  178  24:53  Observer x2  
  170  25:33  Stalker x6  
  170  25:34  Stalker x5  
  170  25:35  Stalker x4  
Show
View Real Time Build Order
Export as new Build Order

qqq Protoss 

Build Orders: Double Forge, Carriers 

Get SALT Encoding   

  12  0:05  Probe  
  13  0:15  Pylon  
  13  0:18  Probe  
  14  0:30  Probe  
  15  0:38  Forge  
  15  0:49  Pylon  
  14  1:19  Photon Cannon  
  13  1:25  Probe  
  14  1:38  Probe  
  15  1:49  Forge  
  15  1:50  Probe  
  16  2:02  Probe  
  16  2:04  Photon Cannon  
  17  2:14  Probe, Photon Cannon  
  18  2:18  Pylon  
  16  2:25  Pylon  
  16  2:26  Probe  
  16  2:37  Gateway  
  16  2:38  Probe  
  17  2:53  Probe  
  18  2:58  Assimilator  
  18  3:06  Probe  
  19  3:31  Photon Cannon  
  19  3:33  Photon Cannon  
  19  3:34  Pylon  
  19  3:36  Probe  
  20  3:51  Cybernetics Core  
  19  4:03  Nexus  
  19  4:07  Pylon  
  19  4:15  Probe  
  20  4:27  Photon Cannon  
  20  4:31  Photon Cannon  
  20  4:35  Pylon  
  20  4:40  Shield Battery  
  20  4:52  Photon Cannon  
  20  4:58  Pylon  
  21  5:14  Probe  
  21  5:22  Stargate  
  21  5:25  Probe, Assimilator  
  21  5:26  Probe  
  23  5:37  Probe  
  23  5:38  Probe  
  25  5:45  Stargate  
  25  5:49  Probe (Chrono Boost)  
  26  5:51  Probe (Chrono Boost)  
  27  5:59  Probe x2 (Chrono Boost)  
  29  6:04  Probe x2 (Chrono Boost)  
  29  6:07  Oracle (Chrono Boost)  
  34  6:15  Probe  
  34  6:17  Probe  
  36  6:28  Probe, Assimilator  
  36  6:29  Probe  
  36  6:31  Assimilator  
  38  6:38  Oracle  
  41  6:40  Probe  
  41  6:41  Probe  
  43  6:52  Probe  
  43  6:53  Probe  
  45  6:55  Phoenix  
  47  7:04  Probe  
  47  7:05  Probe  
  49  7:16  Probe  
  49  7:17  Probe  
  48  7:28  Probe  
  49  7:30  Fleet Beacon  
  49  7:31  Phoenix  
  49  7:32  Phoenix  
  53  7:52  Nexus  
  53  7:55  Pylon  
  53  7:56  Phoenix  
  55  7:59  Pylon  
  55  8:00  Phoenix  
  57  8:16  Protoss Air Weapons Level 1  
  57  8:21  Photon Cannon  
  57  8:22  Nexus  
  57  8:25  Pylon  
  57  8:32  Carrier (Chrono Boost)  
  63  8:52  Robotics Facility  
  60  8:57  Pylon  
  60  9:00  Pylon  
  60  9:03  Pylon  
  58  9:15  Carrier (Chrono Boost)  
  56  9:23  Probe  
  63  9:31  Photon Cannon  
  63  9:35  Carrier (Chrono Boost)  
  63  9:36  Probe x2  
  71  9:44  Photon Cannon  
  71  9:48  Probe x2  
  73  10:00  Probe x2  
  75  10:08  Carrier (Chrono Boost)  
  75  10:12  Probe  
  75  10:13  Probe  
  83  10:17  Observer  
  84  10:24  Probe, Assimilator  
  84  10:25  Probe  
  84  10:27  Assimilator  
  86  10:29  Assimilator  
  86  10:30  Carrier  
  86  10:33  Assimilator  
  92  10:36  Probe  
  92  10:37  Probe  
  92  10:38  Observer  
  95  10:48  Probe  
  95  10:49  Probe  
  97  11:00  Probe  
  97  11:01  Probe  
  99  11:07  Carrier  
  99  11:09  Mothership (Chrono Boost)  
  113  11:13  Probe (Chrono Boost)  
  113  11:14  Probe (Chrono Boost)  
  113  11:16  Photon Cannon  
  113  11:18  Pylon  
  115  11:25  Probe x2 (Chrono Boost)  
  117  11:30  Probe x2 (Chrono Boost)  
  117  11:32  Observer  
  120  11:35  Carrier  
  128  11:40  Probe (Chrono Boost), Zealot  
  128  11:41  Probe (Chrono Boost)  
  132  11:57  Probe x2 (Chrono Boost)  
  132  11:58  Protoss Air Armor Level 1 (Chrono Boost)  
  132  12:03  Probe  
  132  12:08  Zealot, Immortal  
  139  12:11  Probe, Carrier  
  146  12:23  Probe  
  146  12:26  Pylon  
  146  12:29  Pylon  
  147  12:30  Pylon  
  147  12:31  Pylon  
  147  12:32  Pylon  
  147  12:34  Pylon  
  147  12:35  Probe, Carrier, Zealot  
  147  12:36  Pylon  
  148  12:48  Probe  
  157  12:55  Photon Cannon  
  157  12:57  Photon Cannon  
  157  13:00  Probe, Photon Cannon  
  157  13:02  Shield Battery  
  157  13:03  Zealot  
  160  13:12  Probe  
  161  13:15  Carrier  
  167  13:24  Probe  
  168  13:30  Zealot  
  168  13:36  Probe  
  168  13:40  Carrier  
  175  13:53  Protoss Air Weapons Level 2 (Chrono Boost)  
  175  13:57  Stargate, Zealot  
  175  14:00  Stargate  
  177  14:03  Stargate  
  177  14:08  Nexus  
  177  14:13  Shield Battery  
  177  14:15  Shield Battery  
  177  14:16  Photon Cannon  
  177  14:18  Photon Cannon  
  177  14:19  Carrier  
  177  14:20  Probe  
  177  14:22  Photon Cannon  
  177  14:23  Photon Cannon  
  184  14:25  Pylon  
  184  14:26  Pylon  
  184  14:35  Zealot  
  184  14:37  Immortal  
  190  14:42  Protoss Shields Level 1  
  190  14:43  Tempest  
  195  15:02  Zealot  
  197  15:26  Tempest  
  196  15:29  Zealot  
  198  15:38  Probe  
  199  15:50  Probe  
  199  15:53  Pylon  
  199  15:55  Pylon x2  
  200  16:13  Pylon, Protoss Air Armor Level 2 (Chrono Boost), Stargate  
  200  16:14  Stargate  
  200  16:15  Pylon  
  200  16:16  Pylon  
  199  16:18  Pylon  
  199  16:19  Stargate  
  199  16:20  Pylon  
  199  16:23  Photon Cannon  
  199  16:24  Photon Cannon  
  199  16:37  Photon Cannon  
  199  16:39  Photon Cannon  
  196  16:42  Photon Cannon  
  196  16:45  Photon Cannon  
  196  16:46  Photon Cannon  
  193  16:47  Photon Cannon  
  193  16:48  Photon Cannon  
  193  16:51  Photon Cannon  
  193  16:52  Photon Cannon  
  193  16:53  Shield Battery  
  193  16:54  Photon Cannon  
  193  16:56  Shield Battery  
  193  16:57  Pylon  
  193  16:58  Pylon  
  161  17:22  Carrier x2 (Chrono Boost)  
  131  17:25  Tempest x2 (Chrono Boost)  
  131  17:29  Immortal  
  132  17:31  Zealot (Chrono Boost)  
  132  17:32  Tempest (Chrono Boost), Carrier (Chrono Boost)  
  132  17:33  Carrier x2 (Chrono Boost)  
  134  17:55  Zealot (Chrono Boost)  
  136  17:59  Probe  
  136  18:01  Carrier (Chrono Boost), Phoenix (Chrono Boost)  
  145  18:08  Carrier  
  145  18:11  Probe  
  151  18:19  Phoenix x2  
  155  18:23  Carrier  
  161  18:29  Phoenix  
  161  18:30  Carrier  
  157  18:41  Phoenix  
  143  18:44  Phoenix  
  143  18:47  Anion Pulse-Crystals, Protoss Air Weapons Level 3  
  123  19:08  Mothership (Chrono Boost)  
  83  20:00  Tempest x3, Carrier  
  83  20:01  Tempest  
  103  20:19  Carrier  
  108  20:23  Nexus  
  106  20:29  Nexus  
  106  20:40  Phoenix x2  
  110  20:52  Pylon  
  101  21:39  Carrier  
  95  22:03  Photon Cannon  
  95  22:19  Phoenix x2  
  87  22:40  Phoenix x3  
  63  23:04  Nexus  
  63  23:08  Sentry  
  57  23:31  Phoenix  
  57  23:32  Phoenix x2  
  57  23:33  Phoenix  
  63  23:35  Sentry  
  65  23:50  Phoenix x2  
  69  24:01  Sentry  
  71  24:05  Phoenix x2  
  75  24:15  Photon Cannon  
  75  24:20  Phoenix  
  77  24:27  Sentry  
  77  24:30  Phoenix  
  67  24:56  Phoenix  
  67  24:57  Phoenix x2  
Show
View Real Time Build Order
Export as new Build Order

Massa Terran 

Build Orders:  

Get SALT Encoding   

  12  0:00  SCV  
  13  0:12  SCV  
  14  0:17  Supply Depot  
  14  0:24  SCV  
  15  0:38  SCV  
  16  0:51  SCV  
  17  1:03  SCV  
  18  1:15  SCV  
  19  1:20  Refinery, Command Center  
  19  1:21  Refinery  
  19  1:27  SCV  
  20  1:35  Engineering Bay  
  20  1:39  SCV  
  21  1:51  SCV  
  22  2:03  SCV  
  22  2:04  Supply Depot  
  23  2:26  SCV  
  24  2:30  Hi-Sec Auto Tracking  
  25  2:50  Barracks  
  24  2:52  Barracks  
  24  3:10  Barracks  
  24  3:48  Orbital Command  
  23  3:58  Command Center  
  23  3:59  Factory  
  23  4:02  Barracks  
  23  4:05  Marine x2  
  23  4:06  Barracks  
  25  4:16  SCV  
  26  4:20  Terran Infantry Weapons Level 1  
  26  4:23  Marine x2  
  28  4:27  Supply Depot  
  28  4:28  Supply Depot  
  28  4:40  Marine  
  28  4:41  Marine  
  28  4:44  Bunker  
  30  4:49  Hellion  
  30  4:51  Marine  
  33  4:53  Marine  
  33  4:58  Marine x2  
  36  5:03  SCV  
  37  5:09  Marine  
  40  5:14  Hellion  
  40  5:16  SCV  
  40  5:18  Starport  
  40  5:20  Missile Turret  
  41  5:28  Barracks Tech Lab, Marine  
  44  5:36  Widow Mine  
  44  5:38  Orbital Command  
  44  5:42  SCV  
  45  5:50  Barracks Tech Lab  
  45  5:53  Stimpack  
  45  5:55  Barracks Reactor  
  45  5:56  Medivac  
  47  6:01  Marine  
  47  6:02  Marine  
  49  6:10  SCV x2  
  51  6:17  Factory Tech Lab  
  51  6:20  Combat Shield  
  51  6:22  SCV x2  
  51  6:24  Terran Infantry Armor Level 1  
  53  6:28  Missile Turret  
  53  6:34  SCV  
  54  6:46  Marauder x2  
  58  6:47  Marine x2  
  58  6:50  Barracks Reactor  
  60  6:55  Armory  
  60  6:57  Medivac  
  62  7:06  Supply Depot  
  62  7:10  Supply Depot  
  62  7:27  Marine  
  62  7:28  Marauder x2, Siege Tank  
  68  7:54  Ghost Academy  
  68  7:56  Ghost Academy  
  68  8:03  Marauder  
  68  8:04  Marauder  
  68  8:05  Concussive Shells  
  72  8:07  Command Center  
  72  8:09  Siege Tank  
  75  8:18  Terran Infantry Weapons Level 2  
  75  8:24  Medivac  
  75  8:26  SCV  
  78  8:31  Supply Depot  
  78  8:47  Supply Depot  
  78  8:50  Missile Turret  
  78  8:52  SCV x2  
  78  8:53  Marauder x2  
  78  8:55  Supply Depot  
  84  8:56  Refinery  
  84  8:57  Personal Cloaking  
  84  9:05  SCV x2  
  84  9:09  Refinery  
  88  9:17  SCV x2  
  88  9:19  Viking  
  90  9:29  SCV x2  
  92  9:49  Viking  
  94  9:55  Orbital Command  
  94  9:56  SCV x2  
  96  10:01  Missile Turret  
  96  10:05  Missile Turret  
  96  10:07  Ghost x2  
  96  10:08  SCV x2  
  102  10:16  Refinery  
  102  10:20  SCV  
  103  10:33  Terran Vehicle Weapons Level 1  
  103  10:35  Terran Infantry Armor Level 2, Ghost  
  103  10:39  Refinery  
  103  11:09  Nuke  
  103  11:13  Enhanced Shockwaves  
  103  11:17  Starport Reactor  
  103  11:18  SCV  
  103  11:19  SCV x2  
  106  11:30  SCV  
  106  11:31  SCV x2  
  109  12:09  Medivac  
  109  12:10  Medivac  
  109  12:11  Marauder x2  
  117  12:18  Barracks x2  
  117  12:20  Barracks  
  117  12:23  Supply Depot  
  117  12:28  Factory  
  117  12:30  Terran Vehicle And Ship Armor Level 1  
  117  12:31  Nuke  
  117  12:44  Marauder, Thor  
  117  12:45  Supply Depot  
  117  12:51  Terran Infantry Weapons Level 3  
  125  13:06  Marauder x2, Marine x4  
  125  13:08  Barracks, Supply Depot  
  133  13:29  Marine x4, Viking  
  133  13:30  Marauder  
  133  13:31  Supply Depot  
  141  13:34  Nuke  
  141  13:35  Nuke  
  141  13:38  Barracks Reactor, Barracks Tech Lab x2  
  141  13:40  Factory Reactor  
  141  13:42  Factory Tech Lab, Marauder  
  141  13:52  Marine x4  
  141  13:53  Marauder  
  147  13:56  Ghost  
  149  14:04  Supply Depot  
  149  14:05  Supply Depot x3  
  149  14:06  Supply Depot  
  149  14:07  Supply Depot  
  149  14:24  Terran Vehicle Weapons Level 2, Command Center  
  149  14:25  Ghost, Thor  
  149  14:26  Marine x6, Ghost  
  149  14:29  Supply Depot  
  149  14:30  Supply Depot  
  149  14:31  Supply Depot  
  165  14:32  Supply Depot  
  165  14:33  Supply Depot  
  165  14:36  Supply Depot  
  165  14:44  Marine x2  
  167  14:53  Ghost  
  167  14:54  Ghost  
  167  14:56  Supply Depot x2  
  167  14:57  Supply Depot x2  
  171  15:00  Supply Depot  
  171  15:02  Marauder x2, Supply Depot  
  175  15:18  Thor x2  
  187  15:23  Ghost x2  
  187  15:24  Smart Servos, Marauder, Supply Depot  
  187  15:28  Terran Infantry Armor Level 3  
  191  15:45  SCV x3  
  194  15:57  SCV x3  
  197  16:09  SCV x3  
  200  16:19  Refinery  
  200  16:28  Refinery  
  200  16:43  Drilling Claws  
  147  17:11  Marauder x4, Marine  
  147  17:12  Marine x5  
  147  17:15  Thor x2  
  100  17:20  Terran Vehicle And Ship Armor Level 2  
  97  17:27  Planetary Fortress  
  97  17:29  Marine x5  
  96  17:30  Marine  
  96  17:32  Marauder x4  
  109  17:39  Medivac x2  
  113  17:47  Marine x6  
  119  17:53  Marauder  
  119  17:54  Marauder x3  
  119  17:58  Thor x2  
  127  18:05  Marine x6  
  141  18:09  Medivac  
  147  18:15  Marauder x3  
  147  18:17  Ghost  
  155  18:20  Nuke  
  155  18:22  Marine  
  155  18:23  Marine  
  157  18:36  Marauder x2  
  157  18:37  Marauder  
  163  18:45  Ghost  
  165  18:58  Marauder  
  156  19:28  Marauder  
  156  19:29  Marauder  
  107  19:39  Marauder x2, Marine  
  107  19:40  Marine x5  
  103  19:50  Marauder x2  
  93  19:57  Marine  
  94  20:00  Marauder  
  94  20:01  Marauder  
  98  20:11  Marauder  
  98  20:12  Marauder  
  102  20:14  Marine x2  
  102  20:15  Marine x4  
  108  20:21  Marauder  
  108  20:22  Marauder  
  112  20:32  Marauder, Marine x4  
  112  20:33  Marauder, Marine x2  
  124  20:43  Marauder, Marine, Thor x2  
  124  20:45  Medivac  
  124  20:46  Medivac  
  141  20:50  Marine x5  
  141  20:51  Marine  
  141  20:54  Marauder  
  141  20:55  Marauder  
  151  21:01  Marauder  
  151  21:04  Marine  
  154  21:15  Medivac  
  154  21:16  Medivac  
  158  21:21  Command Center  
  145  21:25  Thor  
  145  21:26  Thor  
  150  21:32  Marauder  
  150  21:33  Marauder x3, Marine x2  
  150  21:34  Marine x2  
  155  21:48  Refinery, Command Center  
  148  21:54  Marauder x3  
  148  21:55  Marauder  
  141  22:15  Marauder x2  
  141  22:39  Command Center  
  42  23:20  Marauder  
  42  23:21  Marauder x3  
  44  23:42  Marauder x4  
  44  23:44  Factory Tech Lab  
  52  24:03  Marauder x4  
  60  24:10  Orbital Command  
  60  24:23  Marine  
  60  24:24  Marauder, Marine x3  
  62  24:25  Marauder x3  
  72  24:46  Marauder x3  
Tags
 
Add a new tag
Caveats
  • Supply blocks, unpowered buildings, or Contaminate may cause inaccurate times.
  • Supply counts are checked every 10 seconds.